 Dungeon Crawl Stone Soup version 0.28.0-49-g6dfe1f597d (webtiles) character file.

Game seed: 18424212880490120559

21587 Revguard the Apostle (level 12, -1/114 HPs)
             Began as a Hill Orc Fighter on May 11, 2022.
             Was a High Priest of Beogh.
             Blown up by an orb spider (30 damage)
             ... with an orb of destruction
             ... on level 1 of the Abyss.
             The game lasted 00:46:43 (10992 turns).

Revguard the Apostle (Hill Orc Fighter)            Turns: 10992, Time: 00:46:44

Health: -1/114     AC: 23    Str: 22    XL:     12   Next: 91%
Magic:  21/21      EV:  9    Int:  8    God:    Beogh [*****.]
Gold:   797        SH:  0    Dex: 18    Spells: 11/11 levels left

rFire   + . .      SeeInvis .   a - +6 war axe (venom)
rCold   + . .      Faith    .   c - +3 buckler
rNeg    . . .      Spirit   .   N - +4 plate armour {rF+}
rPois   .          Reflect  .   (helmet restricted)
rElec   .          Harm     .   g - +0 cloak
rCorr   .          Rampage  .   f - +0 pair of gloves
Will    .....                   D - +2 pair of boots
Stlth   ..........              e - amulet of regeneration
HPRegen 1.09/turn               i - +6 ring of dexterity
MPRegen 0.17/turn               A - ring of protection from cold

@: confused, about to teleport, ambrosia-drunk
A: walk on water, horns 1, robust 1
a: Renounce Religion, Smiting, Recall Orcish Followers, Give Item to Named
Follower


You were on level 1 of the Abyss.
You worshipped Beogh.
Beogh was extremely pleased with you.
You visited 1 branch of the dungeon, and saw 13 of its levels.
You visited the Abyss 1 time.
You also visited: Ossuary and Bailey.

You collected 797 gold pieces.

Inventory:

Hand Weapons
 a - a +6 war axe of venom (weapon)
 k - a +3 spear of electrocution
 x - a +1 vampiric hand axe
 y - a +2 dagger of venom
 E - a +4 scimitar of flaming
 F - a +3 broad axe of electrocution
 H - a +3 long sword
 M - a +2 long sword of holy wrath
 P - a +3 spear of freezing
 Q - a +3 morningstar
 S - the +1 quarterstaff of the Unspeakable One {freeze, Fly Str+5 Dex-5 Stlth+}
   (You found it on level 11 of the Dungeon)

   It freezes those it strikes, dealing additional cold damage.
   It can also slow down cold-blooded creatures.
   Str:       It affects your strength (+5).
   Dex:       It affects your dexterity (-5).
   Fly:       It grants you flight.
   Stlth:     It makes you more stealthy.
Missiles
 w - a throwing net
Armour
 c - a +3 buckler (worn)
 f - a +0 pair of gloves (worn)
 g - a +0 cloak (worn)
 t - a +0 plate armour
 D - a +2 pair of boots (worn)
 J - a +0 chain mail
 K - a +0 chain mail
 N - a +4 plate armour of fire resistance (worn)
 Z - a +0 troll leather armour
Jewellery
 e - an amulet of regeneration (around neck)
 i - a +6 ring of dexterity (left hand)
 l - a ring of ice
 A - a ring of protection from cold (right hand)
 L - a ring of poison resistance
 R - a ring of resist corrosion
 T - the amulet "Zasugg" {Reflect Dex+4 SH+5}
   (You found it on level 11 of the Dungeon)

   [amulet of reflection]

   It reflects blocked missile attacks.
   Dex:       It affects your dexterity (+4).
   SH:        It affects your SH (+5).
 W - a ring of protection from cold
 Y - an amulet of faith
Wands
 m - a wand of flame (21) (quivered)
Scrolls
 o - 2 scrolls of immolation
 s - 3 scrolls of magic mapping
 u - 4 scrolls of teleportation
 z - a scroll of blinking
 C - a scroll of brand weapon
 G - a scroll of fog
 I - a scroll of fear
 O - a scroll of identify
Potions
 b - 4 potions of berserk rage
 d - 3 potions of might
 h - a potion of flight
 n - 2 potions of mutation
 p - 5 potions of heal wounds
 r - 3 potions of haste
 v - a potion of resistance
 V - a potion of cancellation
Miscellaneous
 U - a phantom mirror


   Skills:
 + Level 9.3 Fighting
 + Level 12.2 Axes
 + Level 8.4 Armour
 + Level 5.9 Dodging
 * Level 9.7 Shields
 * Level 12.9 Invocations
 + Level 7.0 Evocations


You had 11 spell levels left.
You didn't know any spells.
Your spell library contained the following spells:

 Spells                   Type           Power      Damage    Failure   Level
 Animate Skeleton         Necr           0%         N/A       100%        1
 Apportation              Tloc           0%         N/A       100%        1
 Summon Small Mammal      Summ           0%         N/A       100%        1
 Blink                    Tloc           0%         N/A       100%        2
 Lesser Beckoning         Tloc           0%         N/A       100%        3
 Cause Fear               Hex            0%         N/A       100%        4
 Leda's Liquefaction      Hex/Erth       0%         N/A       100%        4
 Alistair's Intoxication  Tmut/Pois      0%         N/A       100%        5
 Freezing Cloud           Conj/Ice/Air   0%         6-21      100%        5
 Lee's Rapid Deconstruct  Erth           0%         3d5*      100%        5
 Manifold Assault         Tloc           0%         N/A       100%        5
 Simulacrum               Ice/Necr       0%         N/A       100%        6
 Statue Form              Tmut/Erth      0%         N/A       100%        6
 Dragon Form              Tmut           0%         N/A       100%        7
 Dragon's Call            Summ           0%         N/A       100%        9
 Polar Vortex             Ice            0%         N/A       100%        9


Dungeon Overview and Level Annotations

Branches:
Dungeon (13/15)            Temple (0/1) D:5            Lair (0/6) D:10
    Orc (0/2) D:9         Ossuary (visited)          Bailey (visited)
 Vaults: D:13-14

Altars:
Cheibriados
Elyvilon
Fedhas
Hepliaklqana
Nemelex Xobeh
Qazlal
Ru
Xom
The Shining One
Jiyva

Shops:
D:6 *   D:8 *   D:10 *   D:11 **

Annotations:
D:13 Erolcha


Innate Abilities, Weirdness & Mutations

You can walk on water.
You have a pair of small horns on your head.
You are robust. (+10% HP)


Message History

You slash the harpy zombie! You headbutt the harpy zombie.
You destroy the harpy zombie!
That felt strangely unrewarding.
A small abomination comes into view.
The orb spider pulsates with a strange energy.
Okay, then.
The orb spider weaves a glowing orb of energy.
An orb of destruction comes into view.
A vampire comes into view.
You feel your health improve.
An efreet comes into view.
It is wielding a +4 scimitar of flaming.
The vampire gestures wildly while chanting.
The vampire flickers and vanishes!
Deactivating autopickup; reactivate with Ctrl-A.
The orb spider spins a strand of pure energy.
Something hits you but does no damage. You block something's attack.
A large abomination comes into view.
The efreet gestures at you. The bolt of fire misses you.
As you read the scroll of teleportation, it crumbles to dust.
You feel strangely unstable.
You feel the power of the Abyss delaying your translocation!
You block the small abomination's attack.
You hear some strange, mumbled words.
You are confused.
You are too confused!
Okay, then.
You are more confused.
You feel invigorated.
The orb spider weaves a glowing orb of energy.
The small abomination barely misses you.
Something hits you!
* * * LOW HITPOINT WARNING * * *
Something bites you but does no damage.
An orb of destruction comes into view.
Something hits you.
* * * LOW HITPOINT WARNING * * *
Something bites you but does no damage.
You're too confused to move!
The orb of destruction hits you!!
You die...

#. ##.##########
#.##...........#
#.#............#
.#.#...X≈≈≈≈...#
# ......≈......#
#......≈≈≈≈...#
#......@.....###
##....○.x.......
###.s○.####....
. # ##..#.# ..
#. ###....R#
##.......☼...
..s#####...####
##.##.....°## .
#..........


You could see a large abomination, an orb spider, an efreet and a small
abomination.

Vanquished Creatures
  2 boulder beetles
  A centaur warrior (D:11)
  4 two-headed ogres
  A death drake (shapeshifter) (D:11)
  2 deep elf pyromancers (D:11)
  3 cyclopes
  An ugly thing (D:11)
  Joseph (D:8)
  A gargoyle (D:12)
  2 efreet (D:11)
  An ancient zyme (Abyss:1)
  An unseen horror (D:11)
  A harpy zombie (Abyss:1)
  2 trolls
  2 hornets
  2 blink frogs (Abyss:1)
  A large abomination (Abyss:1)
  A slime creature (D:13)
  A meliai zombie (D:11)
  4 spriggans (Bailey)
  A wraith (D:10)
  3 shadows
  13 yaks
  A wyvern (D:10)
  A basilisk (D:10)
  2 steam dragons
  9 vampire mosquitoes
  5 water moccasins
  An orc warrior (D:9)
  A swamp drake (D:9)
  An ice beast (D:7)
  5 sky beasts
  A necrophage (D:6)
  9 ogres
  3 centaurs
  2 kobold brigands
  3 bullfrogs (D:6)
  Blork the orc (D:6)
  A wyvern zombie (D:8)
  2 scorpions
  2 water moccasin zombies
  An electric eel (D:10)
  12 wights
  A howler monkey (D:12)
  A bullfrog zombie (D:5)
  3 centaur zombies (Ossuary)
  A bullfrog skeleton (D:5)
  A hound (D:5)
  2 iron imps
  3 jellies
  4 orc priests
  A gnoll shaman (D:9)
  Terence (D:2)
  4 iguanas
  Natasha (twice) (D:2)
  10 orc wizards
  A hound skeleton (D:5)
  3 mummies
  A howler monkey zombie (D:5)
  8 adders
  11 gnolls
  2 shadow imps
  3 white imps
  2 ufetubi
  An adder skeleton (D:4)
  An adder zombie (Ossuary)
  3 worms
  2 dart slugs
  30 orcs
  9 ball pythons
  4 bats
  4 endoplasms
  A giant cockroach (D:3)
  10 goblins
  7 hobgoblins
  4 jackals (D:2)
  3 quokkas
  13 frilled lizards
  8 hobgoblin zombies (Ossuary)
  2 jackal zombies (Ossuary)
  15 kobolds
  14 kobold zombies
  9 orc zombies
  6 rats
  A rat zombie (Ossuary)
326 creatures vanquished.

Vanquished Creatures (collateral kills)
  2 two-headed ogres (D:11)
  An ugly thing (D:11)
  2 cyclopes
  A troll (D:12)
  2 slime creatures
  A jumping spider (shapeshifter) (D:11)
  A wraith (D:11)
  4 yaks
  4 vampire mosquitoes
  An orc warrior (D:9)
  A black bear (D:10)
  2 kobold brigands (D:9)
  A howler monkey (D:9)
  A jelly (D:10)
  An orc priest (D:10)
  2 howler monkey zombies
  A gnoll (D:9)
  5 orcs (D:9)
  A kobold (D:9)
34 creatures vanquished.

Vanquished Creatures (others)
  2 orc warriors
  An ufetubus (D:5)
  7 orcs
  19 plants
  5 withered plants (D:1)
34 creatures vanquished.

Grand Total: 394 creatures vanquished

Notes
Turn   | Place    | Note
-------+----------+-------------------------------------------
     0 | D:1      | Revguard the Hill Orc Fighter began the quest for the Orb.
     0 | D:1      | Reached XP level 1. HP: 19/19 MP: 1/1
   146 | D:1      | Reached XP level 2. HP: 25/27 MP: 2/2
   369 | D:1      | Reached skill level 1 in Invocations
   549 | D:1      | Found a faded altar of an unknown god.
   846 | D:2      | Reached XP level 3. HP: 28/33 MP: 2/4
   857 | D:2      | Noticed Terence
   877 | D:2      | Killed Terence
   878 | D:2      | Reached XP level 4. HP: 27/40 MP: 5/5
  1159 | D:2      | Noticed Natasha
  1168 | D:2      | Killed Natasha
  1169 | D:2      | Reached skill level 1 in Evocations
  1363 | D:2      | Noticed Natasha
  1370 | D:2      | Killed Natasha
  1371 | D:2      | Reached skill level 1 in Dodging
  1371 | D:2      | Reached XP level 5. HP: 46/46 MP: 6/6
  1441 | D:2      | Gained mutation: You have a pair of small horns on your
                  | head. [potion of mutation]
  1441 | D:2      | Gained mutation: You are robust. (+10% HP) [potion of
                  | mutation]
  1821 | D:3      | Found a glowing golden altar of the Shining One.
  2172 | D:4      | Reached XP level 6. HP: 42/57 MP: 8/8
  2175 | D:4      | Found a stormy altar of Qazlal.
  2226 | D:4      | Found a sand-covered staircase.
  2232 | Ossuary  | Entered an ossuary
  2453 | Ossuary  | Reached skill level 5 in Axes
  2947 | D:4      | Reached XP level 7. HP: 66/66 MP: 10/10
  3407 | D:5      | Entered Level 5 of the Dungeon
  3509 | D:5      | Became a worshipper of Beogh the Brigand
  3692 | D:5      | Reached skill level 5 in Invocations
  3859 | D:5      | Found a staircase to the Ecumenical Temple.
  3896 | D:5      | Reached XP level 8. HP: 64/73 MP: 11/11
  3900 | D:5      | Reached skill level 5 in Fighting
  4354 | D:6      | Found Uxouto's Assorted Antiques.
  4375 | D:6      | Found a hazy altar of Hepliaklqana.
  4485 | D:6      | Reached * piety under Beogh
  4514 | D:6      | Noticed Blork the orc
  4515 | D:6      | Noticed a two-headed ogre
  4527 | D:6      | Killed Blork the orc
  4552 | D:6      | Killed a two-headed ogre
  4553 | D:6      | Reached skill level 5 in Armour
  4553 | D:6      | Reached skill level 5 in Shields
  4553 | D:6      | Reached XP level 9. HP: 40/82 MP: 12/14
  4815 | D:6      | Found a blossoming altar of Fedhas.
  5171 | D:6      | Reached ** piety under Beogh
  5308 | D:7      | Noticed a hornet
  5314 | D:7      | Killed a hornet
  5376 | D:7      | Identified a scroll of acquirement
  5376 | D:7      | Acquired a +3 broad axe of electrocution
  5522 | D:7      | Reached XP level 10. HP: 91/92 MP: 16/16
  5652 | D:7      | Found a sacrificial altar of Ru.
  6613 | D:8      | Found a flagged portal.
  6630 | Bailey   | Entered a bailey
  6695 | Bailey   | Reached *** piety under Beogh
  6712 | Bailey   | Noticed a two-headed ogre
  6718 | Bailey   | Killed a two-headed ogre
  6719 | Bailey   | Reached skill level 10 in Axes
  6719 | Bailey   | Reached skill level 5 in Evocations
  6790 | Bailey   | Identified the +5 hunting sling of the Sun {freeze, rElec
                  | Str+2 Int+4}
  6931 | D:8      | Found Bott's CLEARANCE SALE!.
  7063 | D:8      | Noticed Joseph
  7076 | D:8      | Killed Joseph
  7111 | D:8      | Reached skill level 10 in Invocations
  7122 | D:8      | Found a sparkling altar of Nemelex Xobeh.
  7655 | D:9      | Reached XP level 11. HP: 101/101 MP: 18/18
  7853 | D:9      | Noticed a two-headed ogre
  7861 | D:9      | Killed a two-headed ogre
  7864 | D:9      | Reached **** piety under Beogh
  8106 | D:9      | Found a staircase to the Orcish Mines.
  8578 | D:10     | Entered Level 10 of the Dungeon
  8582 | D:10     | Found a viscous altar of Jiyva.
  8582 | D:10     | Found a white marble altar of Elyvilon.
  8625 | D:10     | Found a staircase to the Lair.
  8651 | D:10     | Found Weashrigo's Lightly-Used Armoury.
  8821 | D:10     | Found a snail-covered altar of Cheibriados.
  8824 | D:10     | Found a shimmering altar of Xom.
  9147 | D:11     | Noticed a two-headed ogre
  9147 | D:11     | Noticed a two-headed ogre
  9210 | D:11     | Found Fyleul's General Store.
  9243 | D:11     | Noticed a deep elf pyromancer
  9247 | D:11     | Noticed a red ugly thing
  9249 | D:11     | Noticed a boulder beetle
  9252 | D:11     | Noticed a cyclops
  9262 | D:11     | Killed a boulder beetle
  9263 | D:11     | Reached skill level 5 in Dodging
  9263 | D:11     | Killed a deep elf pyromancer
  9268 | D:11     | Killed a red ugly thing
  9270 | D:11     | Killed a cyclops
  9287 | D:11     | Reached XP level 12. HP: 93/113 MP: 20/20
  9295 | D:11     | Killed a two-headed ogre
  9372 | D:11     | Noticed a centaur warrior
  9379 | D:11     | Killed a centaur warrior
  9379 | D:11     | Reached ***** piety under Beogh
  9403 | D:11     | Identified the +1 quarterstaff of the Unspeakable One
                  | {freeze, Fly Str+5 Dex-5 Stlth+}
  9411 | D:11     | Identified the amulet "Zasugg" {Reflect Dex+4 SH+5}
  9561 | D:11     | Found Sialu's Fire Supplies.
  9716 | D:11     | Killed a two-headed ogre
  9915 | D:12     | Noticed a two-headed ogre
  9937 | D:12     | Killed a two-headed ogre
 10313 | D:12     | Found a snail-covered altar of Cheibriados.
 10814 | D:13     | Noticed a boulder beetle
 10817 | D:13     | Noticed Erolcha
 10822 | D:13     | Killed a boulder beetle
 10822 | D:13     | Gained Arbolt as an ally
 10830 | D:13     | Cast into level 1 of the Abyss (Erolcha)
 10904 | Abyss:1  | Noticed a great orb of eyes
 10992 | Abyss:1  | Blown up by an orb spider

Illustrated notes

Levels and vault maps discovered:
D:1:      minmay_arrival_five_plusses, layout_basic,
          shapermc_ecumenical_altar_flowoftime
D:2:      layout_basic, chequers_serial_rivers_micro_d, uniq_natasha,
          uniq_terence
D:3:      layout_loops_cross, tso_altar, minivault_23, st_stairs_1
D:4:      layout_layer_cave, mainiacjoe_overflow_catwalk,
          nicolae_ossuary_entry_giza
D:5:      layout_gridville, minmay_temple_entry_statues
D:6:      kennysheep_spiral_hall, layout_basic,
          nicolae_hepliaklqana_hazy_memory, kennysheep_mini_moat, serial_shops,
          nicolae_take_the_stairs, minmay_lizard_king, uniq_blork_the_orc
D:7:      layout_loops_ring, nicolae_ru_the_path_less_chosen,
          serial_co_window_serial, co_window_paths_a,
          co_window_of_opportunity_a, co_window_of_opportunity_a,
          co_window_paths_a, co_window_corner_a, co_window_unsneaky_path_d,
          co_window_corner_b, co_window_broadway_b, co_window_2corner,
          co_window_corner_ca, co_window_cross_4, co_window_2corner,
          co_window_4corner_a
D:8:      layout_basic, mainiacjoe_overflow_paths, enter_bailey_5,
          nrook_campfire, nicolae_shop_clearance, uniq_joseph
D:9:      layout_irregular_city, erik_orc_1
D:10:     layout_big_octagon, elyvilon_altar_4, nicolae_overflow_squiral,
          david_lair_generic, minmay_shop_damaged, hangedman_decor_push,
          jiyva_altar_1
D:11:     minmay_the_grid_triangle_9x9_rhombus_full_mashed
          [minmay_the_grid_triangle_9x9_sparse_checkered,
          minmay_the_grid_triangle_9x9_zippers_horizontal,
          minmay_the_grid_triangle_9x9_warning,
          minmay_the_grid_triangle_9x9_longest,
          minmay_the_grid_triangle_9x9_descending_squares,
          minmay_the_grid_triangle_9x9_limited_checkers,
          minmay_the_grid_triangle_9x9_shrine,
          minmay_the_grid_triangle_9x9_prize_center], layout_rooms,
          serial_shops, nicolae_shop_competitors_out_of_business,
          chequers_serial_rivers_micro_e, nicolae_shop_fire_sale
          [nicolae_sub_dead_trees]
D:12:     layout_loops_ring, minmay_misc_feat_iff, chei_slow_surprise
D:13:     layout_loops_ring, david_vaults_1, serial_shops,
          kennysheep_little_box, uniq_erolcha
Abyss:1:  base: D:2, minivault_4, hangedman_abyss_monster_moat

Skill      XL: |  1  2  3  4  5  6  7  8  9 10 11 12 |
---------------+-------------------------------------+-----
Axes           | 3 4 5 6 7 9 10 11 12 | 12.2
Invocations    | 1 2 3 4 5 7 8 10 11 12 | 12.9
Fighting       | 4 5 6 7 8 9 |  9.3
Evocations     | 1 2 3 4 5 6 7 |  7.0
Dodging        | 1 2 3 4 5 |  5.9
Armour         | 4 5 6 7 8 |  8.4
Shields        | 4 5 6 8 9 |  9.7

Action                   |  1- 3 |  4- 6 |  7- 9 | 10-12 || total
-------------------------+-------+-------+-------+-------++-------
Melee: War axe           |    78 |   204 |   191 |   390 ||   863
       Headbutt          |       |    25 |    37 |    88 ||   150
Invok: Convert to Beogh  |       |       |     1 |       ||     1
       Recall Orcish Fol |       |       |       |     5 ||     5
       Give Item to Name |       |       |       |     1 ||     1
Evoke: Wand              |       |       |     4 |    12 ||    16
  Use: Scroll            |       |    15 |     7 |     9 ||    31
       Potion            |       |     4 |     2 |     8 ||    14
 Stab: Distracted        |       |       |       |     6 ||     6
       Invisible         |       |       |       |     4 ||     4
Armor: Scale mail        |    52 |   105 |       |       ||   157
       Plate armour      |       |     7 |    88 |   222 ||   317
Dodge: Dodged            |    46 |   105 |    55 |   156 ||   362
Block: Buckler           |    26 |    60 |    84 |   185 ||   355
